 Dungeon Crawl Stone Soup version 0.27-a0-1325-g58a489ad9e (webtiles) character file.

Game seed: 14111852626119103103

101 Sobieck the Sneak (level 4, 0/21 HPs)
             Began as a Felid Fighter on June 25, 2021.
             Killed by divine providence
             ... invoked by an orc priest
              (8 damage)
             ... on level 3 of the Dungeon.
             The game lasted 00:08:19 (3427 turns).

Sobieck the Sneak (Felid Fighter)                   Turns: 3427, Time: 00:08:19

Health: 0/21       AC:  1    Str: 12    XL:     4   Next: 48%
Magic:  5/5        EV: 18    Int:  9    God:
Gold:   113        SH:  0    Dex: 16    Spells: 3/3 levels left
                                        Lives:  0   Deaths: 1

rFire    . . .     SeeInvis +     - Unarmed
rCold    . . .     Faith    .   (shield unavailable)
rNeg     . . .     Spirit   .   (armour unavailable)
rPois    .         Reflect  .   (helmet unavailable)
rElec    .         Harm     .   (cloak unavailable)
rCorr    .         Rampage  .   (gloves unavailable)
Will     .....                  (boots unavailable)
Stlth    ++++......             (no amulet)
HPRegen  0.07/turn              (no ring)
MPRegen  0.09/turn              (no ring)

@: quick
A: very small, claws 1, fangs 3, see invisible, speed 1, shaggy fur 1, stealthy
paws, no weapons or thrown items, no armour, multi-lived
a: no special abilities


You were on level 3 of the Dungeon.
You visited 1 branch of the dungeon, and saw 5 of its levels.

You collected 113 gold pieces.


Innate Abilities, Weirdness & Mutations

You have sharp claws.
You have razor-sharp teeth.
You have supernaturally acute eyesight. (SInv)
You cover ground quickly. (Speed+)
You are covered in fur. (AC +1)
Your paws help you pounce on unaware monsters.
You are incapable of wielding weapons or throwing items.
You cannot wear armour.
You gain extra lives every three experience levels.


   Skills:
 + Level 3.1 Fighting
 + Level 4.1 Dodging
 - Level 7.0 Stealth
 + Level 4.0 Unarmed Combat


You had 3 spell levels left.
You didn't know any spells.
Your spell library was empty.

Inventory:

Wands
 e - a wand of mindburst (15)
   (You found it on level 2 of the Dungeon)
Scrolls
 b - a scroll of silence {unknown}
 c - 4 scrolls of identify {unknown}
 d - a scroll of blinking {unknown}
 h - a scroll of immolation {unknown}
Potions
 a - a potion of might
 f - 2 potions of curing {unknown}
 g - 2 potions of ambrosia {unknown}

Dungeon Overview and Level Annotations

Branches:
Dungeon (5/15)
 Temple: D:4-7

Altars:
Sif Muna

Portals:
Abyss: D:3

Annotations:
D:3 2 transporters, Phlounder's ghost, amateur DjWn

#.#.#.####.####.#.)........#
..#.#....#.#....#..........######
###.####.#.#.####..........+.....
.........#.#.......).......######
##########.######..........#
...............[..###'######
......#####...##..........#
......#.......##.K........#
......'........+@ho.......#
......#......###.[o.......#
......#......# #..........#
......#......# #..........##
......#......# ######.###..#
......#......# ####.# ##.#
......#......# #....# #.##
......#......# ##.##.####..#
#######......####..©........#


You could see a hound, an orc priest, an orc and a kobold.


Message History

The orc closely misses you.
There is a stone staircase leading up here.
The orc hits you with a +0 club.
You climb upwards.
Level annotation: 2 transporters, Phlounder's ghost, amateur DjWn
There is a stone staircase leading down here. 😕 HP[-2]
You take 2 damage, and now have 19/21 hp.
You claw the orc!
You kill the orc! 😕 HP[+1] No target in view!
You start resting. 😎 HP[+1]
Your hp is fully restored (21).
You climb downwards.
The orc misses you.
An orc wizard comes into view. It is wielding a +0 dagger.
An orc comes into view. It is wielding a +0 whip.
There is a stone staircase leading up here.
The orc completely misses you. The orc hits you with a +0 short sword.
You climb upwards.
Level annotation: 2 transporters, Phlounder's ghost, amateur DjWn
There is a stone staircase leading down here. 😕 HP[-5]
You take 5 damage, and now have 16/21 hp.
MASSIVE DAMAGE!! (PAUSE)
The orc completely misses you.
You closely miss the orc. You claw the orc. The orc closely misses you.
You scratch the orc but do no damage. Your bite misses the orc.
The orc barely misses you.
You barely miss the orc. You bite the orc.
The orc hits you with a +0 short sword. 😮 HP[-5]
You take 5 damage, and now have 11/21 hp.
MASSIVE DAMAGE!! (PAUSE)
You scratch the orc but do no damage. You bite the orc.
The orc closely misses you.
You scratch the orc.
You kill the orc! 😮 HP[+1]
You closely miss the orc. The orc barely misses you.
You scratch the orc. The orc closely misses you.
You scratch the orc but do no damage. You scratch the orc.
You kill the orc!
Training target 7.0 for Stealth reached!
Your Stealth skill increases to level 7!
You need to enable at least one skill for training.
Unknown command.
You start resting. 😎 HP[+9]
Your hp is fully restored (21).
(D) Dungeon
Where to? (Enter - D:4, ? - help)
Items here: )) [ †.
Things that are here:
a +0 club {mace}; an orc corpse
There is a stone staircase leading down here.
You climb downwards.
A hound comes into view.
The hound barks!
You hear a shout! x2
The orc priest mumbles some strange prayers to Beogh against you.
Beogh smites you!
Ouch! That really hurt!
* * * LOW HITPOINT WARNING * * *
There is a stone staircase leading up here. 😨 HP[-13]
You take 13 damage, and now have 8/21 hp.
MASSIVE DAMAGE!! (PAUSE)
You climb upwards.
Level annotation: 2 transporters, Phlounder's ghost, amateur DjWn
There is a stone staircase leading down here.
You start resting. 😨 HP[+1]
There is a stone staircase leading down here.
You start resting. 😎 HP[+12]
Your hp is fully restored (21).
Unknown command.
You climb downwards.
The hound completely misses you. The orc hits you with a +0 club.
The hound bites you. The orc completely misses you. The hound bites you.
There is a stone staircase leading up, spattered with blood here. 😮 HP[-8]
You take 8 damage, and now have 13/21 hp.
MASSIVE DAMAGE!! (PAUSE)
The hound barely misses you. The kobold closely misses you.
The orc priest hits you with a +0 hand axe.
* * * LOW HITPOINT WARNING * * *
The orc closely misses you.
You climb upwards.
Level annotation: 2 transporters, Phlounder's ghost, amateur DjWn
There is a stone staircase leading down here. 😨 HP[-5]
You take 5 damage, and now have 8/21 hp.
MASSIVE DAMAGE!! (PAUSE)
The kobold hits you but does no damage.
The orc priest invokes the aid of Beogh against you.
Beogh smites you!
You die...

Skill      XL: |  1  2  3  4 |
---------------+-------------+-----
Stealth        | 1 3 5 7 |  7.0
Fighting       | |  3.1
Dodging        | |  4.1
Unarmed Combat | |  4.0

Action                   |  1- 3 |  4- 6 || total
-------------------------+-------+-------++-------
Melee: Unarmed           |    90 |    62 ||   152
       Bite              |    12 |     5 ||    17
       Punch             |       |     2 ||     2
 Stab: Sleeping          |    10 |     4 ||    14
       Distracted        |       |     1 ||     1
Armor: Skin              |     1 |     2 ||     3
Dodge: Dodged            |    50 |    55 ||   105

Levels and vault maps discovered:
D:1:      onia_arrival_handbag, layout_loops_corners, serial_forest,
          infiniplex_forest_straight_4, infiniplex_forest_lined_room_2,
          infiniplex_forest_lined_2, infiniplex_forest_lined_3,
          infiniplex_forest_lined_3, minmay_tromino_v4_c
D:2:      layout_rooms, shapermc_ecumenical_altar_mp_vishouse, uniq_jessica
D:3:      layout_basic, lemuel_doored_altar, gammafunk_ghost_abyssal_escape,
          roderic_lattice_a, minmay_fractal_squares_5
D:4:      layout_rooms, lemuel_mausoleum_altar_kikubaaqudgha, temple_fountains,
          serial_shops, nicolae_lakefront_shop, minmay_misc_feat_rows,
          uniq_edmund
D:5:      layout_cave_pods, cheibrodos_sewer_entry_bend, uniq_sigmund

Notes
Turn   | Place    | Note
-------+----------+-------------------------------------------
     0 | D:1      | Sobieck the Felid Fighter began the quest for the Orb.
     0 | D:1      | Reached XP level 1. HP: 10/10 MP: 2/2
     0 | D:1      | magus.rc [v1.9.6]
   170 | D:1      | Reached skill level 1 in Stealth
   231 | D:1      | Reached XP level 2. HP: 10/14 MP: 3/3
   345 | D:1      | Reached skill level 2 in Stealth
   775 | D:1      | Reached skill level 3 in Stealth
   967 | D:1      | Reached XP level 3. HP: 10/17 MP: 4/4
  1524 | D:2      | Reached skill level 4 in Stealth
  1583 | D:3      | Reached skill level 5 in Stealth
  1603 | D:2      | Reached XP level 4. HP: 21/21 MP: 5/5
  1737 | D:2      | Found a faded altar of an unknown god.
  1745 | D:2      | Noticed Jessica
  1747 | D:2      | Killed Jessica
  2026 | D:3      | Reached skill level 6 in Stealth
  2143 | D:5      | Entered Level 5 of the Dungeon
  2187 | D:3      | Noticed an ice beast
  2248 | D:3      | HP: 4/21 [ice beast (2)]
  2248 | D:3      | Slain by an ice beast
  2249 | D:3      | Reached XP level 3. HP: -2/17 MP: 4/4
  2255 | D:3      | Noticed a toenail golem
  2263 | D:3      | Found a one-way gate to the infinite horrors of the Abyss.
  2263 | D:3      | Noticed Phlounder's ghost (amateur DjWn)
  2280 | D:3      | Found a transporter.
  2281 | D:3      | Found a transporter.
  2295 | D:3      | Noticed a small abomination
  2307 | D:3      | Noticed a kobold brigand
  2498 | D:3      | Reached XP level 4. HP: 16/21 MP: 5/5
  2924 | D:3      | Found a shimmering blue altar of Sif Muna.
  3112 | D:3      | Reached skill level 7 in Stealth
  3427 | D:3      | Killed from afar by an orc priest

Vanquished Creatures
  Jessica (D:2)
  A howler monkey skeleton (D:5)
  5 adders
  A worm (D:3)
  2 dart slugs
  9 orcs (D:3)
  5 endoplasms
  A giant cockroach (D:4)
  10 goblins
  5 hobgoblins
  2 jackals (D:1)
  2 quokkas
  4 ball pythons
  6 bats
  2 frilled lizards
  7 kobolds
  8 rats
71 creatures vanquished.

Table legend:
 A = Non-vault XP
 B = Vault XP
 C = Vault XP percentage of total XP
 D = Non-vault monster count
 E = Vault monster count
 F = Vault count percentage of total count
                 A         B        C        D         E       F
            +---------+---------+-------+---------+---------+-------
      Total |     189 |      48 |  20.3 |      63 |       8 |  11.3
            +---------+---------+-------+---------+---------+-------
        D:1 |      37 |       7 |  15.9 |      23 |       5 |  17.9
        D:2 |      42 |      37 |  46.8 |      12 |       1 |   7.7
        D:3 |      77 |       4 |   4.9 |      23 |       2 |   8.0
        D:4 |      19 |       0 |   0.0 |       4 |       0 |   0.0
        D:5 |      14 |       0 |   0.0 |       1 |       0 |   0.0
            +---------+---------+-------+---------+---------+-------

Illustrated notes

Table legend:
 A = Kills in this place as a percentage of kills in entire the game.
 B = Kills by you in this place as a percentage of kills by you in the entire game.
 C = Kills by friends in this place as a percentage of kills by friends in the entire game.
 D = Other kills in this place as a percentage of other kills in the entire game.
 E = Experience gained in this place as a percentage of experience gained in the entire game.
 F = Experience gained in this place divided by the number of levels of this place that you have seen.
                   A       B       C       D       E      F
               +-------+-------+-------+-------+-------+----------------------
         Total | 100.0 | 100.0 |   N/A |   N/A | 100.0 |  47.4
       Dungeon | 100.0 | 100.0 |   N/A |   N/A | 100.0 |  47.4
               +-------+-------+-------+-------+-------+----------------------

Table legend: (Time is in decaauts)
 A = Elapsed time spent in this place.
 B = Non-inter-level travel time spent in this place.
 C = Inter-level travel time spent in this place.
 D = Time resting spent in this place.
 E = Time spent auto-exploring this place.
 F = Levels seen in this place.
 G = Mean time per level.
                   A        B        C        D        E       F      G
               +--------+--------+--------+--------+--------+-----+--------+
         Total |   3005 |   2878 |    127 |    984 |   1263 |   5 |  601.0 |
       Dungeon |   3005 |   2878 |    127 |    984 |   1263 |   5 |  601.0 |
               +--------+--------+--------+--------+--------+-----+--------+

Top non-repeatable levels by time:
     D:3: 1337 daAuts
     D:1: 1111 daAuts
     D:2: 459 daAuts
     D:4: 86 daAuts
     D:5: 10 daAuts
